 Dungeon Crawl Stone Soup version 0.16-a0-1212-geefc3ab (webtiles) character file.

5108 Kashira the Cleaver (level 10, -6/53 HPs)
             Began as a Vine Stalker Berserker on Oct 12, 2014.
             Was a Priest of Trog.
             Killed from afar by a starcursed mass (9 damage)
             ... with an accursed screaming
             ... on level 2 of the Abyss.
             The game lasted 00:27:08 (7533 turns).

Kashira the Cleaver (Vine Stalker Berserker)        Turns: 7533, Time: 00:27:09

Health: -6/53      AC:  6    Str: 19 (21) XL:     10   Next: 57%
Magic:  0/28       EV: 14    Int:  8      God:    Trog [***...]
Gold:   517        SH:  0    Dex: 15      Spells: 0 memorised, 9 levels left

rFire  . . .     SeeInvis .     C - +3 great sword (freeze)
rCold  + . .     Clarity  .     D - +2 leather armour {rC+}
rNeg   . . .     SustAb   .     (no shield)
rPois  .         Gourm    .     (no helmet)
rElec  .         Spirit   +     (no cloak)
rCorr  .         Warding  .     (no gloves)
rMut   .         Stasis   .     E - +0 pair of boots
MR     ++...                    (no amulet)
Stlth  +.........               v - ring of protection from magic
                                l - ring of magical power

@: exhausted, slowed, very slow, very resistant to hostile enchantments, very
unstealthy
A: fangs 3, regeneration 2, magic shield, antimagic bite, no device heal 3, rot
immunity
a: Burn Spellbooks, Berserk, Trog's Hand, Renounce Religion


You were on level 2 of the Abyss.
You worshipped Trog.
Trog was most pleased with you.
You were not hungry.

You visited 1 branch of the dungeon, and saw 9 of its levels.
You visited the Abyss 1 time.
You also visited: Sewer and Ossuary.

You collected 517 gold pieces.

Inventory:

Hand weapons
 a - a +0 hand axe
 C - a +3 great sword of freezing (weapon)
 M - a +8 longbow of freezing
 P - a +3 scimitar
Missiles
 y - a throwing net (quivered)
 B - 2 silver tomahawks
Armour
 D - a +2 leather armour of cold resistance (worn)
 E - a +0 pair of boots (worn)
Magical devices
 w - a wand of disintegration (19)
 x - a wand of fireball (5)
 z - a wand of frost (1)
 N - a wand of paralysis (12)
 R - a wand of fireball (2)
Comestibles
 c - 6 bread rations
 u - 11 fruits
Scrolls
 b - 2 scrolls of recharging {unknown}
 e - 4 scrolls of teleportation
 f - 2 scrolls of enchant armour {unknown}
 j - a scroll of blinking
 k - a scroll of magic mapping
 r - a scroll of amnesia {unknown}
 s - a scroll of enchant weapon
 J - 3 scrolls of fear {unknown}
 K - 2 scrolls of fog {unknown}
 L - a scroll of acquirement {unknown}
Jewellery
 l - a ring of magical power (left hand)
 v - a ring of protection from magic (right hand)
Potions
 d - a potion of restore abilities
 g - 3 potions of poison {unknown}
 h - 3 potions of haste {unknown}
 i - 2 potions of resistance {unknown}
 m - a potion of degeneration {unknown}
 n - 2 potions of flight {unknown}
 o - 6 potions of curing
 p - 4 potions of magic
 q - 2 potions of cancellation
 t - 2 potions of lignification
 F - a potion of invisibility
 H - a potion of might {unknown}
 I - 2 potions of heal wounds
 Q - a potion of cure mutation {unknown}
 T - 2 potions of berserk rage
 U - 2 potions of agility {unknown}
 V - 2 potions of brilliance {unknown}
Books
 A - a Fen Folio

   Spells                             Type                      Level
   Corpse Rot                         Necromancy                   2
   Stone Arrow                        Conjuration/Earth            3
   Leda's Liquefaction                Hexes/Earth                  4
   Summon Forest                      Summoning/Translocation      5
   Hydra Form                         Transmutation                6
   Summon Hydra                       Summoning                    7
   Trog disapproves of the use of such an item.
 G - a book of the Sky

   Spells                             Type                      Level
   Flight                             Charms/Air                   3
   Airstrike                          Air                          4
   Silence                            Hexes/Air                    5
   Deflect Missiles                   Charms/Air                   6
   Conjure Ball Lightning             Conjuration/Air              6
   Tornado                            Air                          9
   Trog disapproves of the use of such an item.
Rods
 O - a -1 rod of inaccuracy (14/14)
   (You found it on level 7 of the Dungeon)


   Skills:
 + Level 6.0 Fighting
 + Level 10.1 Axes
 + Level 3.8 Armour
 + Level 5.9 Dodging
 * Level 4.7 Evocations


You had 9 spell levels left.
You didn't know any spells.

Dungeon Overview and Level Annotations

Branches:
Dungeon (9/15)             Temple (0/1) D:7
    Orc: D:9-12        Lair: D:8-11

Altars:
Cheibriados
Dithmenos
Elyvilon
Okawaru
Trog
Yredelemnul
The Shining One

Annotations:
D:6 Prince Ribbit
D:9 Psyche


Innate Abilities, Weirdness & Mutations

You have razor-sharp teeth.
You heal very quickly.
When hurt, damage is shared between your health and your magic reserves.
Your bite disrupts and absorbs the magic of your enemies.
Potions and wands cannot restore your health.
You are immune to rotting.


Message History

Are you sure you want to abandon this character and quit the game? (Confirm with "yes".)
Okay, then.
You slash the starcursed mass! You freeze the starcursed mass.
You bite the starcursed mass. You drain its power.
You feel invigorated.
You destroy the starcursed mass!
Your Fighting skill increases to level 6!
You are no longer berserk.
You are exhausted.
You feel yourself slow down. The starcursed mass engulfs you.
The starcursed mass misses you.
A starcursed mass splits.
A cacophony of accursed wailing tears at your sanity!
* * * LOW HITPOINT WARNING * * *
You hit the starcursed mass. You freeze the starcursed mass.
You bite the starcursed mass, but do no damage.
The starcursed mass is severely damaged.
The starcursed mass shudders and is absorbed by its neighbour.
A starcursed mass splits.
The starcursed mass engulfs you.
* * * LOW HITPOINT WARNING * * *
A cacophony of accursed wailing tears at your sanity!
You die... .X XX.

### #. . #X. # # #
.. ###§# ... #...#
.≈..... # . # ≈≈#..
#... ####≈.# #. .
#.###..#≈######.....
.......X@XXX..... .
#....(...XXX..#[.. .
#........XXXX.......
#...#..#...X........
'..........###### ##
..........# ...
.....# ........#
.....


You could see 12 starcursed masses and a large abomination.

Vanquished Creatures
  A tormentor (Abyss:2)
  Grinder (D:4)
  A troll (D:9)
  An ancient zyme (Abyss:2)
  Eustachio (D:4)
  Grum (D:8)
  3 wolves (D:8)
  Edmund (D:4)
  A spider (D:8)
  A yellow wasp (D:8)
  A phantom (D:4)
  3 centaurs
  A gnoll sergeant (D:7)
  4 giant frogs
  A water moccasin zombie (Ossuary)
  An eye of draining (D:8)
  2 scorpions
  3 killer bees (D:9)
  A troll skeleton (D:7)
  6 wights
  2 crimson imps
  3 goliath beetles
  A quasit (D:7)
  A black bear zombie (D:8)
  A yellow wasp zombie (D:6)
  7 starcursed masses (Abyss:2)
  5 orc priests
  4 hounds
  Natasha (twice) (D:3)
  3 iguanas
  An elf skeleton (D:7)
  7 orc wizards
  6 worker ants
  3 big kobold zombies (Ossuary)
  3 mummies
  Terence (D:3)
  A hound skeleton (D:7)
  2 worker ant zombies (D:5)
  8 adders
  13 gnolls
  5 green rats (Sewer)
  3 shadow imps (D:7)
  3 worms
  2 giant mites
  5 adder zombies (Ossuary)
  8 giant geckos
  2 oozes
  15 orcs
  4 ball pythons
  20 bats
  5 giant cockroaches
  10 goblins
  6 hobgoblins
  15 jackals
  11 kobolds
  A quokka (D:4)
  18 giant newts
  3 gnoll zombies (Ossuary)
  3 goblin skeletons (D:7)
  A goblin zombie (D:7)
  5 hobgoblin zombies
  4 kobold skeletons
  3 kobold zombies
  2 orc zombies
  A quokka zombie (D:5)
  15 rats
279 creatures vanquished.

Vanquished Creatures (collateral kills)
  A boring beetle (D:8)
  A centaur (D:6)
2 creatures vanquished.

Vanquished Creatures (others)
  2 two-headed ogres (D:9)
  An ogre (D:9)
  An adder (D:5)
4 creatures vanquished.

Grand Total: 285 creatures vanquished

Notes
Turn   | Place    | Note
--------------------------------------------------------------
     0 | D:1      | Kashira, the Vine Stalker Berserker, began the quest for the Orb.
     0 | D:1      | Reached XP level 1. HP: 11/11 MP: 1/1
    99 | D:1      | Reached skill level 3 in Axes
   252 | D:1      | Reached XP level 2. HP: 7/16 MP: 3/3
   549 | D:1      | Reached XP level 3. HP: 11/19 MP: 4/4
   607 | D:1      | Acquired Trog's second power
   800 | D:2      | Found a snail-covered altar of Cheibriados.
   872 | D:2      | Reached skill level 4 in Axes
  1305 | D:4      | Reached XP level 4. HP: 13/23 MP: 5/5
  1420 | D:3      | Noticed Terence
  1428 | D:3      | Killed Terence
  1428 | D:3      | Reached skill level 5 in Axes
  1428 | D:3      | Reached XP level 5. HP: 27/27 MP: 7/7
  1739 | D:3      | Noticed Natasha
  1745 | D:3      | Killed Natasha
  1771 | D:3      | Received a gift from Trog
  1865 | D:3      | Found a bloodstained altar of Trog.
  1866 | D:3      | Found an iron altar of Okawaru.
  1944 | D:3      | Noticed Natasha
  1961 | D:3      | Killed Natasha
  2082 | D:4      | Reached skill level 6 in Axes
  2082 | D:4      | Gained mutation: You heal very quickly. [vine stalker growth]
  2082 | D:4      | Reached XP level 6. HP: 28/32 MP: 8/8
  2122 | D:4      | Noticed Grinder
  2139 | D:4      | Killed Grinder
  2139 | D:4      | Reached skill level 7 in Axes
  2139 | D:4      | Reached XP level 7. HP: 35/35 MP: 9/9
  2252 | D:4      | Noticed Eustachio
  2293 | D:4      | Killed Eustachio
  2293 | D:4      | Reached skill level 8 in Axes
  2388 | D:4      | Noticed Edmund
  2413 | D:4      | Killed Edmund
  2614 | D:4      | Gained mutation: You have razor-sharp teeth. [vine stalker growth]
  2614 | D:4      | Reached XP level 8. HP: 36/39 MP: 11/11
  2712 | D:4      | Acquired Trog's third power
  2940 | D:4      | Found a shadowy altar of Dithmenos.
  2940 | D:4      | Noticed a phantom
  2952 | D:4      | Killed a phantom
  2952 | D:4      | Reached skill level 9 in Axes
  3229 | D:5      | Entered Level 5 of the Dungeon
  3425 | D:5      | Reached skill level 1 in Evocations
  3587 | D:5      | Found a glowing drain.
  3599 | Sewer    | Entered a sewer
  3995 | D:5      | Found a white marble altar of Elyvilon.
  4135 | D:6      | Found a basalt altar of Yredelemnul.
  4323 | D:6      | Reached XP level 9. HP: 38/44 MP: 14/14
  4334 | D:6      | Noticed Prince Ribbit
  4528 | D:7      | Found a glowing golden altar of the Shining One.
  4637 | D:7      | Reached skill level 10 in Axes
  4734 | D:7      | Got a faintly glowing dagger
  4735 | D:7      | Identified the cursed -2 dagger of Indomitability {drain, rElec MR+ SInv} (You found it on level 7 of the Dungeon)
  4993 | D:7      | Received a gift from Trog
  5142 | D:7      | Found a staircase to the Ecumenical Temple.
  5383 | D:8      | Found a sand-covered staircase.
  5399 | Ossuary  | Entered an ossuary
  6180 | D:9      | Reached XP level 10. HP: 47/51 MP: 18/18
  6257 | D:9      | Noticed Psyche
  6341 | D:8      | Noticed Grum
  6509 | D:8      | Reached skill level 5 in Fighting
  6509 | D:8      | Reached skill level 5 in Dodging
  6763 | D:8      | Killed Grum
  7333 | D:9      | Cast into the Abyss (Psyche)
  7440 | Abyss:2  | Noticed a purple ugly thing
  7444 | Abyss:2  | Noticed a purple very ugly thing
  7504 | Abyss:2  | Noticed a starcursed mass
  7524 | Abyss:2  | Noticed a starcursed mass
  7525 | Abyss:2  | Killed a starcursed mass
  7526 | Abyss:2  | Killed a starcursed mass
  7528 | Abyss:2  | Killed a starcursed mass
  7529 | Abyss:2  | Killed a starcursed mass
  7530 | Abyss:2  | Killed a starcursed mass
  7531 | Abyss:2  | Killed a starcursed mass
  7532 | Abyss:2  | Noticed a large abomination
  7532 | Abyss:2  | Killed a starcursed mass
  7533 | Abyss:2  | Killed from afar by a starcursed mass

Action                   |  1- 3 |  4- 6 |  7- 9 | 10-12 || total
-------------------------+-------+-------+-------+-------++-------
Melee: Hand axe          |   127 |    97 |   348 |       ||   572
       Great sword       |       |     3 |   200 |    77 ||   280
Invok: Berserk           |     1 |     5 |     5 |     3 ||    14
       Trog's Hand       |       |       |     1 |     1 ||     2
       Brothers in Arms  |       |       |     3 |     5 ||     8
Evoke: Wand              |       |       |     5 |       ||     5
  Use: Scroll            |       |     3 |    15 |     5 ||    23
 Stab: Sleeping          |       |       |     2 |       ||     2
  Eat: Fruit             |     1 |       |     1 |       ||     2
       Meat ration       |       |     1 |     2 |     1 ||     4
       Beef jerky        |       |     2 |       |       ||     2
       Chunk             |       |       |     4 |       ||     4
       Bread ration      |       |       |     2 |     1 ||     3
